 Dungeon Crawl Stone Soup version 0.30.0-29-ga12c61a403 (webtiles) character file.

Game seed: 1675680452241366038

21558 Graphine the Merfolkian Cataclysm (level 12, -10/98 HPs)
             Began as a Merfolk Gladiator on June 20, 2023.
             Was a High Priest of Qazlal.
             Killed by the air
             ... invoked by Gastronok
              (25 damage)
             ... on level 3 of the Lair of Beasts.
             The game lasted 00:25:57 (10802 turns).

Graphine the Merfolkian Cataclysm (MfGl)           Turns: 10802, Time: 00:25:58

Health: -10/98     AC: 15    Str: 14    XL:     12   Next: 91%
Magic:  23/23      EV: 25    Int:  7    God:    Qazlal [*****.]
Gold:   586        SH:  7    Dex: 29    Spells: 11/11 levels left

rFire   . . .        Q - +9 sword of Power {lifebolt}
rCold   . . .        (shield currently unavailable)
rNeg    . . .        H - +3 leather armour {rPois}
rPois   +            c - +2 helmet
rElec   .            h - +0 cloak
rCorr   .            (no gloves)
SInv    .            u - +0 pair of boots
Will    .....        P - amulet of the acrobat
Stlth   +            l - +6 ring of dexterity
HPRegen 0.36/turn    G - +4 ring of protection
MPRegen 0.18/turn

%: repel missiles, acrobat
@: studying 2 skills, invisible
A: (nimble swimmer 2), mertail, agile 1, poison resistance
a: Renounce Religion, Upheaval, Elemental Force, Disaster Area


You were on level 3 of the Lair of Beasts.
You worshipped Qazlal.
Qazlal was extremely pleased with you.
You visited 3 branches of the dungeon, and saw 12 of its levels.
You also visited: Ossuary and Bailey.

You collected 960 gold pieces.
You spent 374 gold pieces at shops.

Inventory:

Hand Weapons
 t - a +4 dagger of chaos
 O - a +4 scimitar
 Q - the +9 sword of Power (weapon) {lifebolt}
   (You found it in a bailey)
Missiles
 d - 3 throwing nets (quivered)
 e - 33 javelins
 s - a boomerang of dispersal
 I - a boomerang
Armour
 c - a +2 helmet (worn)
 h - a +0 cloak (worn)
 u - a +0 pair of boots (worn)
 y - +0 fire dragon scales
 E - a +0 buckler
 H - a +3 leather armour of poison resistance (worn)
Jewellery
 j - a ring of protection from cold
 l - a +6 ring of dexterity (left hand)
 r - a ring of magical power
 G - a +4 ring of protection (right hand)
 P - an amulet of the acrobat (around neck)
 S - an amulet of reflection
Wands
 w - a wand of quicksilver (5)
 z - a wand of flame (63)
 C - a wand of polymorph (5)
 M - a wand of digging (6)
 N - a wand of roots (9)
 R - a wand of mindburst (10)
Scrolls
 b - a scroll of identify
 f - 2 scrolls of immolation
 g - 8 scrolls of enchant weapon
 o - 3 scrolls of teleportation
 q - a scroll of silence
 x - 2 scrolls of fog
 J - a scroll of blinking
 L - a scroll of magic mapping
Potions
 a - 2 potions of flight {unknown}
 k - a potion of might
 m - 7 potions of attraction
 n - 4 potions of haste
 p - 6 potions of curing
 v - a potion of mutation
 A - 3 potions of degeneration
 B - a potion of ambrosia {unknown}
 D - a potion of resistance {unknown}
 F - 2 potions of lignification {unknown}
 K - a potion of brilliance {unknown}


   Skills:
 + Level 10.5 Fighting
 + Level 11.6 Long Blades
 - Level 8.0 Throwing
 + Level 12.8 Dodging
 - Level 4.0 Shields
 * Level 0.3 Translocations
 * Level 14.9 Invocations


You had 11 spell levels left.
You didn't know any spells.
Your spell library contained the following spells:

 Spells                   Type           Power      Damage    Failure   Level
 Beastly Appendage        Tmut           0%         N/A       52%         1
 Blink                    Tloc           0%         N/A       61%         2
 Ensorcelled Hibernation  Hex/Ice        0%         N/A       65%         2
 Static Discharge         Conj/Air       0%         2-2/arc   65%         2
 Wereblood                Tmut           0%         N/A       65%         2
 Spider Form              Tmut/Pois      0%         N/A       87%         3
 Airstrike                Air            0%         2d(0-16)  99%         4
 Anguish                  Hex/Necr       0%         N/A       99%         4
 Manifold Assault         Tloc           0%         N/A       99%         4
 Summon Lightning Spire   Summ/Air       0%         N/A       99%         4
 Storm Form               Tmut/Air       0%         N/A       100%        7


Dungeon Overview and Level Annotations

Branches:
Dungeon (8/15)             Temple (1/1) D:4            Lair (3/5) D:8
Ossuary (visited)          Bailey (visited)
  Swamp: Lair:2-3    Shoals: Lair:2-3     Snake: Lair:2-3    Spider: Lair:2-3

Altars:
Ashenzari
Cheibriados
Dithmenos
Elyvilon
Fedhas
Hepliaklqana
Kikubaaqudgha
Makhleb
Nemelex Xobeh
Okawaru
Qazlal
Ru
Trog
Uskayaw
Vehumet
Wu Jian
Xom
Yredelemnul
Zin
The Shining One

Shops:
D:2 [   D:3 (*?

Annotations:
Lair:3 Gastronok


Innate Abilities, Weirdness & Mutations

((You are very nimble when in or above water. (Stealth+, EV+, Speed+++)))
Your lower body shifts to a powerful aquatic tail in water.
You are agile. (Dex +4, Str/Int -1)
Your system is resistant to poisons. (rPois)


Message History

The volley of spikes hits you!!
The barbed spikes become lodged in your body.
You slash the wind drake!
The wind drake is heavily wounded.
The wind drake exhales a fierce blast of wind!
You are knocked back by the gust of wind.
You slam into the rock wall!
* * * LOW HITPOINT WARNING * * *
The manticore is engulfed in blazing flames.
The manticore flicks its tail.
The volley of spikes misses you.
The wind drake bites you but does no damage.
You fade into invisibility!
You hear a bellow! x2
The manticore is engulfed in blazing flames.
The manticore flicks its tail.
The volley of spikes misses you. You block the wind drake's attack.
You slash the wind drake!
The wind drake is severely wounded.
The wind drake bites you but does no damage.
You slash the manticore!
The manticore is severely wounded.
The wind drake closely misses you.
A yak comes into view.
The manticore misses you. The manticore completely misses you.
The manticore barely misses you. The wind drake completely misses you.
You barely miss the manticore.
The manticore is severely wounded.
The manticore completely misses you. The manticore misses you.
You block the manticore's attack. The wind drake completely misses you.
You hit the manticore.
The manticore is severely wounded.
You carefully extract the barbed spikes from your body.
You hear a bellow!
The manticore completely misses you. The manticore claws you!
* * * LOW HITPOINT WARNING * * *
You block the manticore's attack.
The wind drake bites you but does no damage.
Gastronok waves his eye-stalks in wide circles.
You die...

##..........#.
##P...........#
#............#.
##.............#
#.........$...#
##............#
#.§..........##
#.kYw......##
#@#......###
#H#.<...##
##†.......#
#...P.##w..#
#....#####....#
..### #P....# #
##.#.# w.##


You could see Gastronok, a wind drake (repels missiles, unable to see you), a
manticore (unable to see you) and a yak (wandering, unable to see you).

Vanquished Creatures
  A hydra (Lair:2)
  3 death yaks (Lair:2)
  Pikel (D:7)
  A lindwurm (Lair:2)
  A deep elf pyromancer (D:8)
  The ghost of hallab the Ducker, a novice DjFE of Gozag (D:6)
  5 elephants (Lair:2)
  Joseph (D:8)
  5 cane toads
  2 komodo dragons (Lair:2)
  Psyche (D:8)
  A hornet (D:7)
  A troll (D:8)
  9 blink frogs
  4 wyverns
  12 yaks
  2 basilisks (Lair:2)
  2 steam dragons
  An acid dragon (D:8)
  2 water moccasins
  4 sky beasts
  3 black bears
  13 orc warriors
  5 ogres
  16 centaurs
  21 wolves
  A phantom (D:6)
  A lemure (D:7)
  3 kobold brigands
  9 bullfrogs
  A gnoll sergeant (D:8)
  2 scorpions
  6 wights
  6 killer bees (D:8)
  An electric eel (Lair:2)
  A howler monkey (D:4)
  4 orc priests
  Crazy Yiuf (D:2)
  7 hounds
  A jelly (D:7)
  Natasha (twice) (D:3)
  A gnoll bouda (D:8)
  Ijyb (D:3)
  A sleepcap (D:5)
  5 orc wizards
  4 hell rats (Lair:2)
  8 mummies (Ossuary)
  12 gnolls
  5 adders
  A shadow imp (D:6)
  3 white imps
  2 ufetubi
  7 dart slugs
  51 orcs
  5 endoplasms
  3 giant cockroaches
  3 gnoll zombies (Ossuary)
  8 hobgoblins
  6 jackals
  27 kobolds
  A quokka (D:1)
  5 ball pythons
  2 bats (D:2)
  4 frilled lizards
  10 goblins
  A hobgoblin zombie (Ossuary)
  A kobold zombie (Ossuary)
  3 orc zombies (Ossuary)
  4 rats
348 creatures vanquished.

Vanquished Creatures (others)
  The ghost of AIAndy the Trooper, a novice DsWn of Okawaru (D:6)
1 creature vanquished.

Grand Total: 349 creatures vanquished

Notes
Turn   | Place    | Note
-------+----------+-------------------------------------------
     0 | D:1      | Graphine the Merfolk Gladiator began the quest for the Orb.
     0 | D:1      | Reached XP level 1. HP: 16/16 MP: 1/1
   137 | D:1      | Reached XP level 2. HP: 23/23 MP: 2/2
   835 | D:1      | Reached XP level 3. HP: 23/28 MP: 3/3
  1099 | D:2      | Found a radiant altar of Vehumet.
  1259 | D:2      | Found Osyckuyl's Armour Shop.
  1408 | D:2      | Found a runed translucent door.
  1409 | D:2      | Noticed Crazy Yiuf
  1565 | D:2      | Killed Crazy Yiuf
  1566 | D:2      | Reached XP level 4. HP: 35/35 MP: 4/4
  1604 | D:3      | Reached skill level 5 in Dodging
  1604 | D:3      | Reached XP level 5. HP: 34/41 MP: 5/5
  1638 | D:3      | Found Bostoel's Weapon Shop.
  1690 | D:3      | Noticed Natasha
  1705 | D:3      | Killed Natasha
  1901 | D:3      | Found Igudwia's Magic Scroll Boutique.
  2106 | D:3      | Noticed Ijyb
  2120 | D:3      | Killed Ijyb
  2164 | D:3      | Found Vautaip's General Store.
  2181 | D:3      | Noticed Natasha
  2186 | D:3      | Killed Natasha
  2395 | D:4      | Reached XP level 6. HP: 48/48 MP: 6/6
  2407 | D:4      | Reached skill level 5 in Long Blades
  2454 | D:4      | Found a staircase to the Ecumenical Temple.
  2510 | D:4      | Found a sand-covered staircase.
  2517 | Ossuary  | Entered an ossuary
  2955 | D:2      | Bought a +3 leather armour of poison resistance for 210
                  | gold pieces
  3041 | D:3      | Bought a scroll of enchant weapon for 82 gold pieces
  3041 | D:3      | Bought a scroll of enchant weapon for 82 gold pieces
  3053 | D:4      | Identified a scroll of acquirement
  3053 | D:4      | Acquired the +10 falchion of Checkmate {drain, Fragile
                  | rPois Int+6 SInv}
  3289 | Temple   | Entered the Ecumenical Temple
  3404 | Temple   | Became a worshipper of Qazlal Stormbringer
  3532 | D:4      | Reached XP level 7. HP: 21/55 MP: 7/7
  4008 | D:4      | Reached skill level 1 in Invocations
  4179 | D:4      | Found an iron altar of Okawaru.
  4243 | D:5      | Entered Level 5 of the Dungeon
  4278 | D:5      | Reached skill level 5 in Fighting
  4399 | D:5      | Reached skill level 2 in Invocations
  4400 | D:5      | Reached * piety under Qazlal
  4401 | D:5      | Reached XP level 8. HP: 34/62 MP: 9/9
  4637 | D:5      | Found an ornate altar of the Wu Jian Council.
  5057 | D:5      | Gained mutation: You occasionally lose the ability to read
                  | scrolls when taking damage. [potion of mutation]
  5058 | D:5      | Lost mutation: You occasionally lose the ability to read
                  | scrolls when taking damage. [potion of mutation]
  5058 | D:5      | Gained mutation: You are agile. (Dex +4, Str/Int -1)
                  | [potion of mutation]
  5058 | D:5      | Gained mutation: Your system is resistant to poisons.
                  | (rPois) [potion of mutation]
  5133 | D:6      | Reached skill level 1 in Shields
  5402 | D:6      | Reached skill level 5 in Throwing
  5402 | D:6      | Reached skill level 3 in Invocations
  5542 | D:6      | Found an ancient bone altar of Kikubaaqudgha.
  5658 | D:6      | Noticed a wyvern
  5683 | D:6      | Killed a wyvern
  5684 | D:6      | Reached XP level 9. HP: 59/69 MP: 11/11
  5785 | D:6      | Reached skill level 4 in Invocations
  5941 | D:6      | Found a sparkling altar of Nemelex Xobeh.
  5941 | D:6      | Found a glowing golden altar of the Shining One.
  6042 | D:6      | Found a runed translucent gate.
  6043 | D:6      | Found a runed translucent gate.
  6043 | D:6      | Found a runed translucent gate.
  6047 | D:6      | Noticed hallab's ghost (novice DjFE)
  6047 | D:6      | Noticed AIAndy's ghost (novice DsWn)
  6123 | D:6      | Killed AIAndy's ghost
  6125 | D:6      | Killed hallab's ghost
  6322 | D:7      | Noticed Pikel
  6331 | D:7      | Noticed a hornet
  6337 | D:7      | Killed Pikel
  6338 | D:7      | Reached skill level 5 in Invocations
  6342 | D:7      | Killed a hornet
  6357 | D:7      | Reached ** piety under Qazlal
  6481 | D:7      | Reached XP level 10. HP: 79/79 MP: 12/14
  6653 | D:7      | Found a flagged portal.
  6681 | Bailey   | Entered a bailey
  6866 | Bailey   | Reached skill level 6 in Invocations
  6876 | Bailey   | Found the +9 sword of Power {lifebolt}
  7051 | Bailey   | Reached *** piety under Qazlal
  7314 | Bailey   | Acquired a manual of Invocations
  7336 | D:7      | Found a sacrificial altar of Ru.
  7480 | D:7      | Reached skill level 10 in Dodging
  7496 | D:7      | Noticed Maggie
  7501 | D:7      | Maggie changed into Maggie the dart slug
  7501 | D:7      | Noticed Maggie
  7504 | D:7      | Killed Maggie the dart slug
  7796 | D:8      | Reached skill level 7 in Invocations
  7807 | D:8      | Found a snail-covered altar of Cheibriados.
  7823 | D:8      | Noticed Psyche
  7836 | D:8      | Killed Psyche
  7908 | D:8      | Found a bloodstained altar of Trog.
  7958 | D:8      | Reached XP level 11. HP: 86/86 MP: 16/16
  7970 | D:8      | Noticed Joseph
  7977 | D:8      | Killed Joseph
  7978 | D:8      | Reached skill level 8 in Invocations
  8072 | D:8      | Found a hide-covered altar of Uskayaw.
  8072 | D:8      | Found a shimmering altar of Xom.
  8104 | D:8      | Reached **** piety under Qazlal
  8152 | D:8      | Reached skill level 9 in Invocations
  8308 | D:8      | Found a staircase to the Lair.
  8368 | D:8      | Noticed a deep elf pyromancer
  8479 | D:8      | Killed a deep elf pyromancer
  8562 | D:8      | Reached ***** piety under Qazlal
  8564 | D:8      | Reached skill level 10 in Invocations
  8680 | D:8      | Found a broken altar of Ashenzari.
  9083 | Lair:1   | Entered Level 1 of the Lair of Beasts
  9124 | Lair:1   | Reached skill level 10 in Long Blades
  9313 | Lair:1   | Reached skill level 11 in Invocations
  9346 | Lair:1   | Reached XP level 12. HP: 90/96 MP: 20/20
  9892 | Lair:2   | Noticed a six-headed hydra
  9900 | Lair:2   | Killed a six-headed hydra
  9901 | Lair:2   | Reached skill level 12 in Invocations
  9902 | Lair:2   | Noticed a death yak
  9904 | Lair:2   | Noticed a death yak
  9906 | Lair:2   | Noticed a death yak
  9939 | Lair:2   | Killed a death yak
  9941 | Lair:2   | Killed a death yak
  9944 | Lair:2   | Reached skill level 13 in Invocations
  9951 | Lair:2   | Killed a death yak
  9952 | Lair:2   | Reached skill level 10 in Fighting
  9965 | Lair:2   | Reached skill level 14 in Invocations
 10776 | Lair:2   | Acquired a manual of Translocations
 10786 | Lair:3   | Noticed Gastronok
 10802 | Lair:3   | Killed from afar by Gastronok

Illustrated notes

Levels and vault maps discovered:
D:1:      lemuel_arrival_river_ford, layout_loops_corners, minmay_pentomino_x2
D:2:      layout_rooms, basic_altar, serial_shops, shop, uniq_crazy_yiuf_cottage
D:3:      layout_loops_ring, serial_shops, shop, nicolae_diamond_shop,
          shop_fountains, chequers_hall_statues_wall_a, uniq_ijyb, uniq_natasha
D:4:      layout_basic, okawaru_altar_gauntlet_db, temple_pool_b,
          enter_ossuary_3, minmay_box_of_dots
D:5:      layout_basic, nzn_wu_jian_contemplation
D:6:      minmay_chambers_of_fours, layout_basic, marbit_many_paths,
          gammafunk_temple_overflow_elements, gammafunk_ghost_cemetery,
          kennysheep_small_circle
D:7:      layout_loops_ring, nicolae_overflow_hidden_temple, enter_bailey_4,
          uniq_maggie, uniq_pikel
D:8:      minmay_clustersquares, layout_cave_pods, nicolae_ashenzari_skybound,
          kennysheep_slug_shrine, mainiacjoe_overflow_24_doors,
          mainiacjoe_overflow_divided_tiny, lair_entry_dummy,
          chequers_serial_rivers_room_a, uniq_joseph, uniq_psyche
Temple:   kb_temple_of_zot
Lair:1:   beast_lair_carwin_large_4, layout_chaotic_city
Lair:2:   layout_regular_city, serial_bayou_shore_a, grunt_megastairs_4,
          lemuel_fruit_tree
Lair:3:   layout_cave_pods, minmay_shoals_entry_beasts,
          spider_nest_entry_rubble, uniq_gastronok

Skill      XL: |  1  2  3  4  5  6  7  8  9 10 11 12 |
---------------+-------------------------------------+-----
Long Blades    | 4 5 6 7 8 9 10 11 | 11.6
Fighting       | 3 4 5 6 7 8 9 10 | 10.5
Dodging        | 5 6 7 8 10 11 12 | 12.8
Throwing       | 3 4 5 6 7 8 |  8.0
Invocations    | 2 3 5 7 11 14 | 14.9
Shields        | 2 4 |  4.0
Translocations | |  0.3

Action                     |  1- 3 |  4- 6 |  7- 9 | 10-12 || total
---------------------------+-------+-------+-------+-------++-------
  Melee: Long sword        |    88 |   115 |       |       ||   203
         Falchion          |       |     7 |   173 |   413 ||   593
         Punch             |       |     1 |     2 |       ||     3
         Tailslap          |       |       |       |    12 ||    12
         Great sword       |       |       |       |    82 ||    82
         Dagger            |       |       |       |     6 ||     6
  Throw: Throwing net      |     2 |     1 |     2 |       ||     5
         Boomerang         |       |    71 |       |       ||    71
  Evoke: Wand              |       |       |       |     5 ||     5
    Use: Scroll            |     9 |     9 |     3 |     4 ||    25
         Potion            |       |       |     4 |     4 ||     8
   Stab: Sleeping          |     2 |       |     1 |       ||     3
         Held in net/web   |     2 |       |       |       ||     2
         Distracted        |       |       |       |     1 ||     1
         Confused          |       |       |       |     2 ||     2
 Armour: Leather armour    |    25 |    19 |    43 |    95 ||   182
  Dodge: Dodged            |    69 |    79 |    96 |   532 ||   776
         Repelled          |       |       |       |     1 ||     1
  Block: Buckler           |       |       |    40 |   316 ||   356
         Other             |       |       |       |    29 ||    29
